 Dungeon Crawl Stone Soup version 0.29-a0-648-g6b26cc9f40 (webtiles) character file.

Game seed: 8539952858218989842

1 croobank the Covert (level 1, -5/23 HPs)
             Began as a Gnoll Delver on June 20, 2022.
             Engulfed by a steam dragon's steam (8 damage)
             ... on level 6 of the Dungeon.
             The game lasted 00:01:47 (197 turns).

croobank the Covert (Gnoll Delver)                   Turns: 197, Time: 00:01:48

Health: -5/23      AC:  3    Str: 11    XL:     1   Next: 20%
Magic:  1/1        EV: 13    Int:  9    God:
Gold:   19         SH:  0    Dex: 13    Spells: 0/0 levels left

rFire   . . .      SeeInvis .   j - +0 quarterstaff
rCold   . . .      Faith    .   (shield currently unavailable)
rNeg    . . .      Spirit   .   b - +0 leather armour
rPois   .          Reflect  .   (no helmet)
rElec   .          Harm     .   (no cloak)
rCorr   .          Rampage  .   (no gloves)
Will    .....                   (no boots)
Stlth   ++++......              (no amulet)
HPRegen 0.07/turn               (no ring)
MPRegen 0.07/turn               (no ring)

@: no status effects
A: fangs 1, strong nose, distributed training
a: no special abilities


You were on level 6 of the Dungeon.
You visited 1 branch of the dungeon, and saw 3 of its levels.

You collected 19 gold pieces.

Inventory:

Hand Weapons
 a - a +0 hand axe
 j - a +0 quarterstaff (weapon)
Armour
 b - a +0 leather armour (worn)
 i - a +0 plate armour
Wands
 g - a wand of digging (2)
Scrolls
 c - a scroll of fog
 d - a scroll of magic mapping
 h - a scroll of immolation {unknown}
 k - a scroll of noise {unknown}
Potions
 f - a potion of haste


   Skills:
 + Level 6.4 Fighting
 + Level 0.0 Short Blades
 + Level 0.0 Long Blades
 + Level 4.4 Axes
 + Level 0.0 Maces & Flails
 + Level 0.0 Polearms
 + Level 0.0 Staves
 + Level 0.0 Slings
 + Level 0.0 Bows
 + Level 0.0 Crossbows
 + Level 0.0 Throwing
 + Level 0.0 Armour
 + Level 4.4 Dodging
 + Level 9.5 Stealth
 + Level 0.0 Shields
 + Level 0.0 Unarmed Combat
 + Level 0.0 Spellcasting
 + Level 0.0 Conjurations
 + Level 0.0 Hexes
 + Level 0.0 Summonings
 + Level 0.0 Necromancy
 + Level 0.0 Translocations
 + Level 0.0 Transmutations
 + Level 0.0 Fire Magic
 + Level 0.0 Ice Magic
 + Level 0.0 Air Magic
 + Level 0.0 Earth Magic
 + Level 0.0 Poison Magic
 + Level 0.0 Invocations
 + Level 0.0 Evocations


You couldn't memorise any spells.
You didn't know any spells.
Your spell library was empty.

Dungeon Overview and Level Annotations

Branches:
Dungeon (7/15)
 Temple: D:4-7

Altars:

Shops:
D:5 ?


Innate Abilities, Weirdness & Mutations

You have very sharp teeth.
Your uncanny sense of smell can sniff out nearby items.
Your experience applies equally to all skills.


Message History

You climb downwards.
There is a stone staircase leading up here.
An iguana comes into view.
There is a stone staircase leading up here.
Aiming: Dig
Press: ? - help, Shift-Dir - straight line A rock wall.
The rock shatters into small pieces.
You hear a shout!
An orc comes into view. It is wielding a +0 flail.
Found a scroll labelled VAINUZ TIMI.
The orc shouts!
You hear a shout!
An orc comes into view. It is wielding a +0 club.
Found 11 gold pieces.
The orc moves out of view.
A bullfrog and an orc warrior come into view.
Found a whip.
The bullfrog moves out of view.
An orc comes into view. It is wielding a +0 morningstar.
The orc hits you with a +0 flail.
The orc moves out of view.
You closely miss the orc. The orc barely misses you.
The orc attacks as you move away! The orc hits you with a +0 flail!
There is a stone staircase leading up here.
The orc hits you with a +0 flail.
You climb upwards.
The steam dragon breathes steam at you. The ball of steam misses you.
The adder hisses angrily.
You hear a shout!
You hear an angry hiss.
There is a stone staircase leading down here.
The orc hits you but does no damage.
You hit the orc.
The orc is severely wounded.
The orc is engulfed in a cloud of scalding steam.
The orc dies!
The steam dragon breathes steam at you. The ball of steam hits you!
* * * LOW HITPOINT WARNING * * *
You hear an angry hiss.
As you read the scroll of fear, it crumbles to dust.
You assume a fearsome visage.
The steam dragon looks frightened!
You are engulfed in a cloud of scalding steam.
You die...

#.#.#)#.#
#.#D..#.#
######.# #O#.#
#......###§#)#
#....[.......#
#........#...# #
###.......§##).#
.# .
..........§§DS>#
..# #
........##@#####
#+#.# #
...#######.#
#.#.# # .. #.#
#.#.# # . #.#
###'#.# # #.#
#.^...# # #.#
#.....# # #.#
#.....# #
#.##########'#.#
#
#..........#.#.#
#


You could see a steam dragon (fleeing, catching breath).

Vanquished Creatures (others)
  An orc (D:6)
1 creature vanquished.

Notes
Turn   | Place    | Note
-------+----------+-------------------------------------------
     0 | D:5      | Reached skill level 9 in Stealth
     0 | D:5      | croobank the Gnoll Delver began the quest for the Orb.
     0 | D:5      | Reached XP level 1. HP: 23/23 MP: 1/1
    56 | D:6      | Noticed a hound
   111 | D:6      | Noticed a steam dragon
   148 | D:7      | Noticed an iguana
   180 | D:7      | Noticed a bullfrog
   180 | D:7      | Noticed an orc warrior
   191 | D:6      | Noticed an ogre
   197 | D:6      | Engulfed by a steam dragon's steam

Illustrated notes

Levels and vault maps discovered:
D:5:      layout_basic, serial_shops, nicolae_take_the_stairs,
          minmay_manual_mail
D:6:      layout_basic, temple_doors_e, serial_park_tiny_pond, st_stairs_11
D:7:      layout_basic

Skill      XL: | |
---------------+-+-----
Stealth        | |  9.5
Fighting       | |  6.4
Axes           | |  4.4
Dodging        | |  4.4

Action                   || total
-------------------------++-------
Melee: Quarterstaff      ||     2
Evoke: Wand              ||     1
  Use: Scroll            ||     1
Armor: Leather armour    ||     1
Dodge: Dodged            ||     3

Table legend: (Time is in decaauts)
 A = Elapsed time spent in this place.
 B = Non-inter-level travel time spent in this place.
 C = Inter-level travel time spent in this place.
 D = Time resting spent in this place.
 E = Time spent auto-exploring this place.
 F = Levels seen in this place.
 G = Mean time per level.
                   A        B        C        D        E       F      G
               +--------+--------+--------+--------+--------+-----+--------+
         Total |    197 |    197 |      0 |      0 |     29 |   3 |   65.7 |
       Dungeon |    197 |    197 |      0 |      0 |     29 |   3 |   65.7 |
               +--------+--------+--------+--------+--------+-----+--------+

Top non-repeatable levels by time:
     D:6: 116 daAuts
     D:7: 73 daAuts
     D:5: 8 daAuts
